 Dungeon Crawl Stone Soup version 0.30.1 (webtiles) character file.

Game seed: 10502123198307601246

36 DemonSlayer the Digger (level 3, -1/24 HPs)
             Began as a Demonspawn Earth Elementalist on July 2, 2023.
             Slain by Sigmund
             ... wielding a +0 scythe
              (6 damage)
             ... on level 2 of the Dungeon.
             The game lasted 00:02:52 (1247 turns).

DemonSlayer the Digger (DsEE)                       Turns: 1247, Time: 00:02:52

Health: -1/24      AC:  3    Str: 14    XL:     3   Next: 19%
Magic:  0/6        EV: 12    Int: 16    God:
Gold:   85         SH:  4    Dex: 15    Spells: 3/7 levels left

rFire   + . .        b - +0 dagger
rCold   x . .        (no shield)
rNeg    . . .        a - +0 robe
rPois   .            d - +0 helmet
rElec   .            (no cloak)
rCorr   .            (no gloves)
SInv    .            (no boots)
Will    .....        (no amulet)
Stlth   ++           g - +6 ring of strength
HPRegen 0.24/turn    i - ring of fire
MPRegen 0.10/turn

%: no passive effects
@: very slightly contaminated
A: claws 1, condensation shield
a: no special abilities


You were on level 2 of the Dungeon.
You visited 1 branch of the dungeon, and saw 2 of its levels.

You collected 85 gold pieces.

Inventory:

Hand Weapons
 b - a +0 dagger (weapon)
Armour
 a - a +0 robe (worn)
 d - a +0 helmet (worn)
Jewellery
 g - a +6 ring of strength (left claw)
 i - a ring of fire (right claw)
Scrolls
 c - a scroll of enchant armour {unknown}
 f - 2 scrolls of immolation {unknown}
 j - a scroll of poison {unknown}
 k - a scroll of enchant weapon {unknown}
Potions
 e - 3 potions of curing {unknown}
 h - a potion of invisibility


   Skills:
 + Level 2.0 Dodging
 + Level 2.0 Stealth
 + Level 2.5 Spellcasting
 + Level 0.8 Transmutations
 + Level 3.2 Earth Magic


You had 3 spell levels left.
You knew the following spells:

 Your Spells              Type           Power      Damage    Failure   Level
a - Sandblast             Erth           24%        2d8       5%          1
b - Stone Arrow           Conj/Erth      14%        3d7       30%         3

Your spell library contained the following spells:

 Spells                   Type           Power      Damage    Failure   Level
 Passwall                 Tmut/Erth      6%         N/A       13%         2
 Slow                     Hex            8%         N/A       21%         1
 Confusing Touch          Hex            2%         N/A       52%         3
 Gell's Gravitas          Tloc           2%         N/A       52%         3
 Teleport Other           Tloc           2%         N/A       52%         3
 Vampiric Draining        Necr           2%         2d6       52%         3
 Volatile Blastmotes      Fire/Tloc      6%         2d10      52%         3
 Petrify                  Tmut/Erth      8%         N/A       63%         4
 Lee's Rapid Deconstruct  Erth           6%         3d6*      82%         5
 Fulminant Prism          Conj/Hex       1%         3d5       89%         4
 Iskenderun's Mystic Bla  Conj/Tloc      2%         2d3       89%         4
 Dispersal                Tloc           1%         N/A       100%        6


Dungeon Overview and Level Annotations

Branches:
Dungeon (2/15)

Altars:

Annotations:
D:2 Sigmund


Innate Abilities, Weirdness & Mutations

You have sharp fingernails.
A meltable shield of frost defends you. (SH +4)


Message History

Sigmund drinks a potion.
Sigmund flickers and vanishes!
Deactivating autopickup; reactivate with Ctrl-A.
You can't see any susceptible monsters within range! (Use Z to cast anyway.)
Casting: Sandblast (safe; 5% risk of failure)
Confirm with . or Enter, or press ? or * to list all spells.
Aiming: Sandblast (safe; 5% risk of failure)
Press: ? - help, Shift-Dir - straight line, f - you That would be overly suicidal.
Okay, then.
Casting: Sandblast (safe; 5% risk of failure)
Confirm with . or Enter, or press ? or * to list all spells.
Aiming: Sandblast (safe; 5% risk of failure)
Press: ? - help, Shift-Dir - straight line The blast of sand hits something.
Casting: Sandblast (safe; 5% risk of failure)
Confirm with . or Enter, or press ? or * to list all spells.
Aiming: Sandblast (safe; 5% risk of failure)
Press: ? - help, Shift-Dir - straight line The blast of sand hits something but does no damage.
Something hits you.
Casting: Sandblast (safe; 5% risk of failure)
Confirm with . or Enter, or press ? or * to list all spells.
Aiming: Sandblast (safe; 5% risk of failure)
Press: ? - help, Shift-Dir - straight line The blast of sand hits something.
Something hits you!
Ouch! That really hurt!
Casting: Sandblast (safe; 5% risk of failure)
Confirm with . or Enter, or press ? or * to list all spells.
Aiming: Sandblast (safe; 5% risk of failure)
Press: ? - help, Shift-Dir - straight line The blast of sand hits something.
Something hits you.
* * * LOW HITPOINT WARNING * * *
Casting: Sandblast (safe; 5% risk of failure)
Confirm with . or Enter, or press ? or * to list all spells.
Aiming: Sandblast (safe; 5% risk of failure)
Press: ? - help, Shift-Dir - straight line You miscast Sandblast.
You are very lightly contaminated with residual magic.
Nothing appears to happen.
Something hits you.
You die...

##...###.....
#####..#.#.(.##..
...#.##........#
#.#.#.......#..
#.....#..##...#
##########?...........##
...........###.........#
................#####..#
.......@....###.# #...
...........## #.# ##.#
.....{.....# ..# ..
..........## .## #.
........... .# .
............ # .
.............
..............


There were no monsters in sight!

Vanquished Creatures
  A dart slug (D:1)
  3 bats (D:1)
  2 endoplasms (D:1)
  A giant cockroach (D:1)
  5 goblins
  2 hobgoblins
  4 quokkas (D:1)
  4 ball pythons (D:1)
  A frilled lizard (D:2)
  2 kobolds (D:1)
  6 rats
31 creatures vanquished.

Notes
Turn   | Place    | Note
-------+----------+-------------------------------------------
     0 | D:1      | DemonSlayer the Demonspawn Earth Elementalist began the
                  | quest for the Orb.
     0 | D:1      | Reached XP level 1. HP: 13/13 MP: 3/3
   115 | D:1      | Reached skill level 3 in Earth Magic
   240 | D:1      | Gained mutation: You have sharp fingernails. [demonic
                  | ancestry]
   240 | D:1      | Reached XP level 2. HP: 19/19 MP: 3/5
   817 | D:1      | Gained mutation: A meltable shield of frost defends you.
                  | (SH +4) [demonic ancestry]
   817 | D:1      | Reached XP level 3. HP: 24/24 MP: 4/6
  1007 | D:1      | Learned a level 3 spell: Stone Arrow
  1237 | D:2      | Noticed Sigmund
  1247 | D:2      | Slain by Sigmund

Illustrated notes

Levels and vault maps discovered:
D:1:      minmay_arrival_split_and_join, layout_basic
D:2:      layout_rooms, dk_noncrumbling_3, uniq_sigmund

Skill      XL: |  1  2  3 |
---------------+----------+-----
Earth Magic    | 3 |  3.2
Stealth        | 2 |  2.0
Dodging        | 2 |  2.0
Spellcasting   | |  2.5
Transmutations | |  0.8

Action                     || total
---------------------------++-------
  Melee: Dagger            ||    18
   Cast: Sandblast         ||    41
    Use: Potion            ||     1
   Stab: Sleeping          ||     3
 Armour: Robe              ||     9
  Dodge: Dodged            ||    30
  Block: Other             ||     3
